AoeStats
← superflas007z

Arena

510942137Analyzed
3v3 RM · 13h ago on Oct 3, 2026· 51m 19s· 6 players
Game mode
Random Map
Map size
Normal (6 player)
Population
200
Speed
Normal
Resources
Standard
Victory
Conquest
Starting age
Dark Age
Ending age
Imperial Age
RankedLock teamsTeams togetherTeam positionsShared explorationLock speedFull tech treeHidden civsTurbo modeCheats
Victory
Defeat
🇲🇽 Turks · Mexico
954
+12
🇲🇽 Chinese · Mexico
934
+12
🇲🇽 Saracens · Mexico
909
+13
🇻🇳 Romans · Vietnam
870
-13
857
-12
🇹🇼 Turks · Taiwan
837
-12
verna7019
3:28 Loom
11:20 Feudal Age
16:22 Castle Age
14:32 Stone Mining
15:27 Double-Bit Axe
20:18 Wheelbarrow
19:58 Bow Saw
28:50 Imperial Age
26:51 Horse Collar
30:06 Artillery
33:57 Two-Man Saw
35:05 Fletching
38:28 Conscription
phihanoi
0:44 Loom
11:04 Feudal Age
12:37 Wheelbarrow
11:51 Double-Bit Axe
21:40 Castle Age
20:11 Horse Collar
22:26 Elite Skirmisher
27:32 Bow Saw
32:31 Heavy Plow
37:23 Imperial Age
36:22 Ballistics
35:56 Fletching
36:07 Padded Archer Armor
38:05 Leather Archer Armor
37:45 Bodkin Arrow
38:07 Ballistas
38:30 Heavy Scorpion
41:41 Hand Cart
43:33 Ring Archer Armor
42:41 Sappers
44:18 Onager
45:52 Capped Ram
47:58 Chemistry
50:15 Forging
50:52 Gold Mining
Crazy Rocket Sodawala of Ajmer
11:20 Feudal Age
10:45 Loom
15:18 Castle Age
15:17 Double-Bit Axe
17:30 Stone Mining
20:19 Horse Collar
24:51 Heavy Plow
25:06 Bow Saw
25:34 Wheelbarrow
25:21 Padded Archer Armor
27:41 Hand Cart
27:14 Town Watch
27:54 Gold Mining
30:34 Scale Barding Armor
34:55 Imperial Age
32:28 Town Patrol
36:13 Conscription
36:36 Hoardings
36:06 Elite Conquistador
38:14 Bloodlines
38:05 Husbandry
37:35 Light Cavalry
38:36 Hussar
39:47 Leather Archer Armor
41:00 Scale Barding Armor
41:07 Forging
41:29 Ring Archer Armor
44:02 Chain Barding Armor
44:20 Iron Casting
44:51 Ballistics
45:33 Chemistry
44:40 Murder Holes
50:03 Plate Barding Armor
50:29 Blast Furnace
LenientFiddle
9:31 Loom
12:15 Feudal Age
16:45 Castle Age
15:05 Horse Collar
15:36 Double-Bit Axe
17:52 Heavy Plow
18:43 Fervor
19:00 Bow Saw
26:06 Coinage
28:09 Stone Mining
28:12 Gold Mining
34:12 Imperial Age
35:25 Wheelbarrow
34:35 Town Watch
35:28 Gold Shaft Mining
34:14 Elite Mameluke
35:08 Scale Barding Armor
35:13 Forging
36:08 Two-Man Saw
36:26 Chain Barding Armor
36:33 Ballistics
37:06 Husbandry
37:17 Bloodlines
38:51 Chemistry
38:02 Fortified Wall
38:29 Iron Casting
38:30 Plate Barding Armor
41:20 Blast Furnace
40:13 Fletching
41:25 Hand Cart
41:11 Town Patrol
41:49 Bimaristan
42:12 Siege Engineers
42:19 Masonry
42:43 Banking
Josep Zicri
0:32 Loom
10:33 Feudal Age
11:17 Double-Bit Axe
11:56 Horse Collar
18:51 Castle Age
17:14 Stone Mining
18:34 Gold Mining
20:12 Heavy Plow
21:10 Fortified Wall
20:41 Treadmill Crane
27:30 Imperial Age
25:21 Bow Saw
28:38 Wheelbarrow
31:41 Conscription
32:23 Elite Janissary
36:21 Bloodlines
36:12 Husbandry
38:42 Forging
39:07 Hand Cart
41:34 Ballistics
41:10 Murder Holes
41:42 Scale Barding Armor
42:13 Iron Casting
42:58 Town Watch
46:13 Artillery
47:40 Chain Barding Armor
48:21 Blast Furnace
superflas007z
0:31 Loom
11:04 Feudal Age
17:06 Castle Age
24:05 Gold Mining
27:54 Imperial Age
28:08 Stone Mining
28:54 Gold Shaft Mining
32:04 Stone Shaft Mining
32:23 Double-Bit Axe
32:23 Horse Collar
33:21 Wheelbarrow
35:15 Bow Saw
36:02 Elite Chu Ko Nu
36:41 Fletching
40:17 Chemistry
39:39 Ballistics
39:30 Fortified Wall
39:17 Murder Holes
39:55 Hand Cart
39:56 Heavy Plow
42:22 Two-Man Saw
43:05 Bodkin Arrow
43:11 Padded Archer Armor
43:22 Forging
43:19 Scale Barding Armor
42:56 Pikeman
43:37 Squires
43:49 Thumb Ring
43:08 Elite Skirmisher
43:25 Heavy Scorpion
44:35 Conscription
46:20 Rocketry
Connection lost

Rejoining the realm…

Still unreachable

The connection could not be restored.

Session expired

The server has moved on; the page needs a fresh start.